 Dungeon Crawl Stone Soup version 0.29-a0-582-ge82337ba6a (webtiles) character file.

Game seed: 16322701041699264972

62 DocClef the Sneak (level 3, -2/33 HPs)
             Began as a Draconian Delver on June 14, 2022.
             Slain by an ogre
             ... wielding a +0 giant club
              (25 damage)
             ... on level 5 of the Dungeon.
             The game lasted 00:00:11 (235 turns).

DocClef the Sneak (Draconian Delver)                 Turns: 235, Time: 00:00:11

Health: -2/33      AC:  5    Str: 14    XL:     3   Next: 85%
Magic:  3/3        EV: 12    Int: 10    God:
Gold:   0          SH:  0    Dex: 14    Spells: 2/2 levels left

rFire   . . .      SeeInvis .   a - +0 short sword
rCold   . . .      Faith    .   (no shield)
rNeg    . . .      Spirit   .   (body armour unavailable)
rPois   .          Reflect  .   (helmet restricted)
rElec   .          Harm     .   (no cloak)
rCorr   .          Rampage  .   (no gloves)
Will    .....                   (no boots)
Stlth   +++.......              (no amulet)
HPRegen 0.11/turn               (no ring)
MPRegen 0.08/turn               (no ring)

@: no status effects
A: AC +5, unfitting armour, cold-blooded
a: no special abilities


You were on level 5 of the Dungeon.
You visited 1 branch of the dungeon, and saw 1 of its levels.

Inventory:

Hand Weapons
 a - a +0 short sword (weapon)
Wands
 f - a wand of digging (3)
Scrolls
 b - a scroll of fog
 c - a scroll of magic mapping
 d - a scroll of fear
Potions
 e - a potion of haste


   Skills:
 + Level 3.8 Fighting
 + Level 2.7 Short Blades
 + Level 2.4 Dodging
 + Level 4.9 Stealth


You had 2 spell levels left.
You didn't know any spells.
Your spell library was empty.

Dungeon Overview and Level Annotations

Branches:
Dungeon (5/15)
 Temple: D:4-7

Altars:


Innate Abilities, Weirdness & Mutations

Your plain brown scales are hard. (AC +5)
You cannot fit into any form of body armour.
You are cold-blooded and may be slowed by cold attacks.


Message History

You closely miss the orc.
An ogre comes into view. It is wielding a +0 giant club.
The ogre shouts!
The orc wizard shouts!
You see here 5 gold pieces.
You hit the orc.
You tail-slap the orc, but do no damage.
The orc is moderately wounded.
The orc barely misses you.
You closely miss the orc.
The orc is moderately wounded.
The orc wizard gestures wildly while chanting.
The orc wizard flickers and vanishes!
Deactivating autopickup; reactivate with Ctrl-A.
The orc hits you with a +0 hand axe.
You hit the orc but do no damage. You tail-slap the orc.
The orc is almost dead.
The orc hits you but does no damage.
You hit the orc.
You kill the orc!
You hit the orc.
The orc is severely wounded.
The orc closely misses you.
You closely miss the orc. You tail-slap the orc.
You kill the orc!
You hit the ogre but do no damage. The ogre closely misses you.
You hit the ogre. You tail-slap the ogre.
The ogre is lightly wounded.
You hit the ogre.
The ogre is lightly wounded.
The ogre hits you with a +0 giant club!
You barely miss the ogre.
The ogre is lightly wounded.
The ogre closely misses you.
You hit the ogre. You punch the ogre.
The ogre is heavily wounded.
You barely miss the ogre.
The ogre is heavily wounded.
The ogre hits you with a +0 giant club!!
Ouch! That really hurt!
You die...

## . .# ###### ##. .....#
.. . ####.# .###...
####.###### #######.......
#........†###...@O{.......
#.##.####.....#####...####
.....# ####### .....#
#.#### #.##.# #.## .# #
#..# .# ##.# # #.# ##.####


You could see an ogre.

Vanquished Creatures
  A scorpion (D:5)
  2 orcs (D:5)
3 creatures vanquished.

Notes
Turn   | Place    | Note
-------+----------+-------------------------------------------
     0 | D:5      | DocClef the Draconian Delver began the quest for the Orb.
     0 | D:5      | Reached XP level 1. HP: 19/19 MP: 1/1
    40 | D:5      | Noticed a scorpion
    51 | D:5      | Killed a scorpion
    52 | D:5      | Reached XP level 2. HP: 12/27 MP: 2/2
    52 | D:5      | Reached XP level 3. HP: 15/33 MP: 3/3
   220 | D:5      | Noticed an ogre
   235 | D:5      | Slain by an ogre

Illustrated notes

Levels and vault maps discovered:
D:5:      layout_loops_cross, temple_hall_moat, ebering_ghost_inner_flame

Skill      XL: |  1 |
---------------+----+-----
Dodging        | 2 |  2.4
Fighting       | |  3.8
Short Blades   | |  2.7
Stealth        | |  4.9

Action                   || total
-------------------------++-------
Melee: Short sword       ||    21
       Tailslap          ||     5
       Punch             ||     1
Armor: Skin              ||     2
Dodge: Dodged            ||     9

Table legend: (Time is in decaauts)
 A = Elapsed time spent in this place.
 B = Non-inter-level travel time spent in this place.
 C = Inter-level travel time spent in this place.
 D = Time resting spent in this place.
 E = Time spent auto-exploring this place.
 F = Levels seen in this place.
 G = Mean time per level.
                   A        B        C        D        E       F      G
               +--------+--------+--------+--------+--------+-----+--------+
         Total |    234 |    234 |      0 |      0 |    203 |   1 |  234.0 |
       Dungeon |    234 |    234 |      0 |      0 |    203 |   1 |  234.0 |
               +--------+--------+--------+--------+--------+-----+--------+

Top non-repeatable levels by time:
     D:5: 234 daAuts
